 Dungeon Crawl Stone Soup version 0.30.0-15-g856e2d3f33 (webtiles) character file.

Game seed: 16569925316809340899

90 dolemite99 the Caller (level 4, -4/30 HPs)
             Began as a Barachi Summoner on May 19, 2023.
             Slain by Pikel
             ... wielding a +1 whip of flaming
              (10 damage)
             ... on level 3 of the Dungeon.
             The game lasted 00:05:59 (3806 turns).

dolemite99 the Caller (Barachi Summoner)            Turns: 3806, Time: 00:05:59

Health: -4/30      AC:  6    Str:  9    XL:     4   Next: 56%
Magic:  6/8        EV: 10    Int: 17    God:
Gold:   0          SH:  0    Dex: 13    Spells: 0/9 levels left

rFire   . . .        u - +0 falchion
rCold   . . .        (no shield)
rNeg    . . .        v - +1 ring mail {rPois}
rPois   +            (no helmet)
rElec   .            (no cloak)
rCorr   .            (no gloves)
SInv    .            (no boots)
Will    .....        (no amulet)
Stlth   +            l - ring of poison resistance
HPRegen 0.25/turn    (no ring)
MPRegen 0.11/turn

%: no passive effects
@: very slightly contaminated, slow
A: amphibious, slowness 1, strong legs 1, +LOS
a: Hop


You were on level 3 of the Dungeon.
You visited 1 branch of the dungeon, and saw 4 of its levels.

You collected 121 gold pieces.
You spent 121 gold pieces at shops.

Inventory:

Hand Weapons
 c - a +0 mace
 d - a +0 dagger
 h - a +0 dagger of protection
 i - a +0 mace
 j - a +0 rapier
 u - a +0 falchion (weapon)
Armour
 a - a +0 robe
 q - the +4 chain mail of the Jolly Seers {-Tele rPois rC+++ Stlth-}
   (You found it on level 2 of the Dungeon)

   rC:        It renders you almost immune to cold.
   rPois:     It protects you from poison.
   -Tele:     It prevents most forms of teleportation.
   Stlth:     It makes you less stealthy.
 v - a +1 ring mail of poison resistance (worn)
Jewellery
 l - a ring of poison resistance (left hand)
 o - a ring of ice
Wands
 m - a wand of polymorph (9)
Scrolls
 f - 2 scrolls of vulnerability
 n - a scroll of amnesia
 r - a scroll of blinking {unknown}
Potions
 b - a potion of magic
 e - 3 potions of curing
 g - a potion of might {unknown}
 k - 2 potions of heal wounds
 p - a potion of lignification {unknown}
 t - a potion of haste {unknown}
 w - 2 potions of degeneration {unknown}


   Skills:
 - Level 2.1 Dodging
 - Level 1.7 Stealth
 - Level 3.3 Spellcasting
 + Level 6.3 Summonings


You couldn't memorise any spells.
You knew the following spells:

 Your Spells              Type           Power      Damage    Failure   Level
a - Summon Small Mammal   Summ           96%        N/A       3%          1
b - Call Imp              Summ           48%        N/A       5%          2
c - Call Canine Familiar  Summ           24%        N/A       11%         3
d - Summon Guardian Gole  Hex/Summ       13%        N/A       36%         3

Your spell library contained the following spells:

 Spells                   Type           Power      Damage    Failure   Level
 Magic Dart               Conj           8%         1d3       43%         1
 Summon Lightning Spire   Summ/Air       13%        N/A       77%         4
 Gell's Gravitas          Tloc           2%         N/A       82%         3
 Mephitic Cloud           Conj/Pois/Air  2%         N/A       82%         3
 Teleport Other           Tloc           2%         N/A       82%         3
 Dispersal                Tloc           1%         N/A       100%        6


Dungeon Overview and Level Annotations

Branches:
Dungeon (4/15)
 Temple: D:4-7

Altars:

Shops:
D:3 [!=::

Annotations:
D:3 Pikel


Innate Abilities, Weirdness & Mutations

You are amphibious.
You cover ground slowly.
You can hop short distances.
You have an extended range of vision and can be seen from far away.


Message History

Pikel burns your rat.
Your rat dies!
Your rat's corpse disappears in a puff of smoke!
Your hound bites Pikel but does no damage.
Casting: Summon Small Mammal (safe; 3% risk of failure)
Confirm with . or Enter, or press ? or * to list all spells.
You miscast Call Imp.
You are very lightly contaminated with residual magic.
Nothing appears to happen.
Your bat misses Pikel.
Pikel hits your bat with a +1 whip of flaming!
Pikel burns your bat.
Your bat dies!
Your bat's corpse disappears in a puff of smoke!
What are your orders? t - Croak!
Orders for allies: a - Attack new target. r - Retreat! s - Stop attacking. g - Guard the area. f - Follow me.
Anything else - Cancel.
Gang up on whom?
Press: ? - help, Dir - move target, f - Pikel
Aim: Pikel, wielding a +1 whip of flaming and wearing a +2 robe of willpower (heavily wounded) Attack!
Your hound bites Pikel but does no damage. x2
Okay, then.
Magic courses through your body.
Casting: Call Imp (safe; 5% risk of failure)
Confirm with . or Enter, or press ? or * to list all spells.
A tiny devil pulls itself out of the air.
Your hound bites Pikel.
Pikel hits you with a +1 whip of flaming!
* * * LOW HITPOINT WARNING * * *
Pikel burns you.
* * * LOW HITPOINT WARNING * * *
Your cerulean imp hits Pikel from afar with a -2 spear.
Your hound bites Pikel but does no damage.
Your hound barely misses Pikel.
Your cerulean imp hits Pikel from afar with a -2 spear.
Pikel hits you with a +1 whip of flaming!
You die...

######.######
#............
#......###..#
#......# ##.#
#......# #.#
#......# #.#
#######......# #..
#5...........####..
#.@.......#####....
#.Kh.>....# #....
#.........# #....
########### ##....
#..... #.....
#..... #.....
#....#


You could see Pikel (ally target), a friendly hound (summoned) and a friendly
cerulean imp (summoned).

Vanquished Creatures
  An adder (D:3)
  3 endoplasms (D:1)
  A giant cockroach (D:1)
  A goblin (D:3)
  3 quokkas
  2 ball pythons (D:2)
  2 bats (D:3)
  A frilled lizard (D:1)
  2 kobolds
  3 rats
19 creatures vanquished.

Vanquished Creatures (collateral kills)
  A lemure (D:4)
  An adder (D:3)
  3 worms
  A dart slug (D:1)
  An orc (D:4)
  2 endoplasms
  3 giant cockroaches
  2 goblins
  3 hobgoblins
  6 jackals (D:3)
  2 quokkas (D:4)
  3 ball pythons (D:1)
  3 bats
  A frilled lizard (D:1)
  6 kobolds
  A rat (D:1)
39 creatures vanquished.

Grand Total: 58 creatures vanquished

Notes
Turn   | Place    | Note
-------+----------+-------------------------------------------
     0 | D:1      | dolemite99 the Barachi Summoner began the quest for the
                  | Orb.
     0 | D:1      | Reached XP level 1. HP: 13/13 MP: 3/3
    24 | D:1      | Reached skill level 5 in Summonings
   310 | D:1      | Reached XP level 2. HP: 15/19 MP: 3/5
   714 | D:1      | Learned a level 2 spell: Call Imp
   732 | D:1      | Reached XP level 3. HP: 24/24 MP: 4/7
  1529 | D:2      | Identified the +4 chain mail of the Jolly Seers {-Tele
                  | rPois rC+++ Stlth-}
  2103 | D:3      | Found Notite's Armour Emporium.
  2292 | D:3      | Reached XP level 4. HP: 30/30 MP: 6/8
  2373 | D:3      | Reached skill level 6 in Summonings
  2429 | D:3      | Bought a +0 ring mail of poison resistance for 88 gold
                  | pieces
  2622 | D:3      | Found Jurawk's Book Shop.
  2638 | D:3      | Found Juun's Distillery.
  2639 | D:3      | Found Zelit's Jewellery Shop.
  2651 | D:3      | Bought a potion of curing for 33 gold pieces
  2838 | D:3      | Found Cecw's Book Boutique.
  3040 | D:3      | Learned a level 3 spell: Call Canine Familiar
  3078 | D:4      | Noticed a lemure
  3094 | D:4      | Killed a lemure
  3233 | D:4      | Learned a level 3 spell: Summon Guardian Golem
  3247 | D:4      | Noticed Pikel
  3248 | D:4      | Noticed a lemure
  3607 | D:3      | Learned a level 1 spell: Summon Small Mammal
  3724 | D:4      | Noticed a phantom
  3806 | D:3      | Slain by Pikel

Illustrated notes

Levels and vault maps discovered:
D:1:      ldierk_walled_garden, layout_basic
D:2:      layout_basic, grunt_ministairs_15, kennysheep_generic_room_4
D:3:      layout_basic, serial_shops, nicolae_shop_stone, shop,
          nicolae_square_shop, nicolae_shop_real_fake_doors,
          nicolae_shop_tiny_statue_garden, minmay_misc_feat_x
D:4:      kennysheep_goblin_castle, layout_basic, ebering_ghost_sewer_f,
          nicolae_figureground_sparkle, uniq_eustachio, uniq_pikel

Skill      XL: |  1  2  3  4 |
---------------+-------------+-----
Summonings     | 5 6 |  6.3
Spellcasting   | 3 |  3.3
Dodging        | |  2.1
Stealth        | |  1.7

Action                     |  1- 3 |  4- 6 || total
---------------------------+-------+-------++-------
  Melee: Dagger            |    24 |       ||    24
         Unarmed           |     3 |       ||     3
         Mace              |    29 |       ||    29
         Falchion          |     3 |    27 ||    30
         Punch             |     1 |       ||     1
   Cast: Summon Small Mamm |    39 |    16 ||    55
         Call Imp          |     5 |     9 ||    14
         Call Canine Famil |       |     3 ||     3
    Use: Scroll            |       |     6 ||     6
         Potion            |       |     1 ||     1
   Stab: Distracted        |     1 |       ||     1
 Armour: Robe              |    14 |       ||    14
         Ring mail         |       |    17 ||    17
  Dodge: Dodged            |    64 |    32 ||    96
